AoeStats
← Eugenius

Black Forest

507369171Analyzed
4v4 RM · 14d ago on Sep 17, 2026· 27m 37s· 8 players
Game mode
Random Map
Map size
Large (8 player)
Population
200
Speed
Normal
Resources
Standard
Victory
Conquest
Starting age
Dark Age
Ending age
Imperial Age
RankedLock teamsTeams togetherTeam positionsShared explorationLock speedFull tech treeHidden civsTurbo modeCheats
Victory
Defeat
🇺🇸 Italians · United States
1728
+11
🇵🇪 Ethiopians · Peru
1694
+12
🇲🇽 Gurjaras · Mexico
1683
+13
🇲🇽 Khmer · Mexico
1680
+13
🇹🇷 Wu · Türkiye
1641
-13
🇺🇸 Mongols · United States
1630
-13
🇹🇷 Britons · Türkiye
1607
-12
🇺🇸 Koreans · United States
1587
-11
Silence
0:48 Loom
9:12 Feudal Age
10:50 Double-Bit Axe
15:34 Castle Age
13:24 Horse Collar
16:54 Bow Saw
20:56 Heavy Plow
22:57 Wheelbarrow
25:10 Gold Mining
27:15 Gold Shaft Mining
lilzombieross
9:36 Loom
11:39 Feudal Age
16:08 Castle Age
16:42 Double-Bit Axe
18:38 Wheelbarrow
19:35 Fishing Lines
20:57 Bow Saw
22:50 Scale Mail Armor
22:19 Pikeman
USTA
1:05 Loom
13:03 Feudal Age
17:25 Castle Age
16:28 Double-Bit Axe
17:27 Fishing Lines
18:31 Gillnets
19:56 Fletching
21:30 Bodkin Arrow
23:17 Bow Saw
27:31 Wheelbarrow
26:50 Horse Collar
27:49 Heavy Plow
28:05 Padded Archer Armor
Kuş Bilge
3:09 Loom
12:16 Feudal Age
16:11 Castle Age
14:19 Double-Bit Axe
17:11 Bow Saw
quesarito
0:26 Loom
10:18 Feudal Age
10:47 Double-Bit Axe
14:38 Fletching
17:16 Horse Collar
19:28 Padded Archer Armor
23:43 Castle Age
24:30 Bodkin Arrow
24:42 Thumb Ring
24:45 Crossbowman
26:57 Ballistics
§Y¶# Ä
0:51 Loom
10:12 Feudal Age
16:05 Castle Age
15:52 Wheelbarrow
15:05 Double-Bit Axe
26:32 Redemption
loco_angel
6:25 Loom
9:04 Feudal Age
11:12 Double-Bit Axe
14:33 Horse Collar
16:11 Scale Barding Armor
17:03 Forging
19:54 Bloodlines
23:41 Wheelbarrow
27:48 Castle Age
Eugenius
9:16 Feudal Age
10:33 Fletching
19:04 Castle Age
18:39 Town Watch
20:18 Crossbowman
21:58 Bodkin Arrow
24:42 Double-Bit Axe
26:04 Horse Collar
Connection lost

Rejoining the realm…

Still unreachable

The connection could not be restored.

Session expired

The server has moved on; the page needs a fresh start.